AoeStats
← Pr Hapi

Glade

510516499Analyzed
1v1 RM · 2d ago on Oct 1, 2026· 55m 39s· 2 players
Game mode
Random Map
Map size
Tiny (2 player)
Population
200
Speed
Normal
Resources
Standard
Victory
Conquest
Starting age
Dark Age
Ending age
Imperial Age
RankedLock teamsTeams togetherTeam positionsShared explorationLock speedFull tech treeHidden civsTurbo modeCheats
Victory
Defeat
🇦🇺 Maya · Australia
1046
+15
🇫🇮 Franks · Finland
1024
-15
Pr Hapi
11:30 Feudal Age
13:05 Double-Bit Axe
13:13 Gold Mining
15:30 Wheelbarrow
17:39 Castle Age
19:20 Bow Saw
25:59 Scale Barding Armor
28:06 Forging
32:24 Iron Casting
33:24 Chain Barding Armor
37:46 Imperial Age
36:32 Hand Cart
36:54 Fletching
38:42 Gold Shaft Mining
38:00 Stone Mining
37:53 Cavalier
39:10 Plate Barding Armor
38:47 Town Watch
39:30 Husbandry
40:33 Blast Furnace
39:52 Paladin
49:01 Bodkin Arrow
48:34 Elite Throwing Axeman
53:36 Scale Mail Armor
55:12 Chain Mail Armor
Flux
0:35 Loom
12:21 Feudal Age
17:47 Castle Age
17:55 Horse Collar
18:47 Fletching
20:08 Double-Bit Axe
21:03 Bodkin Arrow
21:26 Crossbowman
22:13 Thumb Ring
27:02 Ballistics
33:49 Imperial Age
34:25 Bow Saw
34:17 Heavy Plow
34:22 Padded Archer Armor
34:37 Masonry
34:53 Arbalester
36:31 Bracer
38:52 Chemistry
37:34 Treadmill Crane
44:16 Leather Archer Armor
44:34 Architecture
44:34 Pikeman
46:18 Scale Mail Armor
46:28 Forging
46:29 Halberdier
47:40 Fortified Wall
47:27 Murder Holes
48:01 Chain Mail Armor
54:17 Wheelbarrow
53:29 Town Watch
53:37 Gold Mining
Connection lost

Rejoining the realm…

Still unreachable

The connection could not be restored.

Session expired

The server has moved on; the page needs a fresh start.